 Dungeon Crawl Stone Soup version 0.30-a0-777-ga9a30cbeda (webtiles) character file.

Game seed: 3908721203912617140

26 bisquet the Trooper (level 2, -2/27 HPs)
             Began as a Minotaur Fighter on Feb 14, 2023.
             Slain by a gnoll
             ... wielding a +0 spear
              (4 damage)
             ... on level 2 of the Dungeon.
             The game lasted 00:06:43 (580 turns).

bisquet the Trooper (Minotaur Fighter)               Turns: 580, Time: 00:06:44

Health: -2/27      AC:  7    Str: 20    XL:     2   Next: 89%
Magic:  1/1        EV:  5    Int:  5    God:
Gold:   32         SH: 11    Dex:  9    Spells: 1/1 levels left

rFire   . . .      SeeInvis .    a - +0 flail
rCold   . . .      Faith    .    h - +0 tower shield
rNeg    . . .      Spirit   .    b - +0 scale mail
rPois   .          Reflect  .    (helmet restricted)
rElec   .          Harm     .    (no cloak)
rCorr   .          Rampage  .    (no gloves)
Will    .....                    (no boots) Stlth
                                 (no amulet)
HPRegen 0.24/turn                (no ring)
MPRegen 0.07/turn                (no ring)

@: no status effects
A: horns 2, retaliatory headbutt
a: no special abilities


You were on level 2 of the Dungeon.
You visited 1 branch of the dungeon, and saw 2 of its levels.

You collected 32 gold pieces.

Inventory:

Hand Weapons
 a - a +0 flail (weapon)
 f - a +2 dagger of electrocution
 l - a +1 dagger of holy wrath
Armour
 b - a +0 scale mail (worn)
 c - a +0 buckler
 g - a +0 kite shield
 h - a +0 tower shield (worn)
Scrolls
 i - a scroll of magic mapping {unknown}
 j - 3 scrolls of identify {unknown}
 k - 2 scrolls of immolation {unknown}
Potions
 d - a potion of might
 e - a potion of invisibility {unknown}
 m - a potion of flight {unknown}


   Skills:
 + Level 4.0 Fighting
 + Level 2.9 Maces & Flails
 + Level 4.0 Armour
 + Level 0.3 Dodging
 + Level 3.9 Shields


You had one spell level left.
You didn't know any spells.
Your spell library was empty.

Dungeon Overview and Level Annotations

Branches:
Dungeon (2/15)

Altars:


Innate Abilities, Weirdness & Mutations

You have a pair of horns on your head.
You reflexively headbutt those who attack you in melee.


Message History

The giant cockroach bites you but does no damage.
The gnoll hits you from afar with a +0 spear.
You sock the giant cockroach!
You kill the giant cockroach!
The gnoll hits you but does no damage.
You closely miss the hobgoblin. The gnoll barely misses you.
The hobgoblin barely misses you.
The gnoll hits you from afar with a +0 spear.
The hobgoblin barely misses you.
You closely miss the hobgoblin. You headbutt the hobgoblin.
You kill the hobgoblin!
The gnoll hits you from afar with a +0 spear.
* * * LOW HITPOINT WARNING * * *
The gnoll hits you but does no damage.
Your Armour skill increases to level 4!
You hit the worm but do no damage.
The gnoll hits you from afar with a +0 spear.
* * * LOW HITPOINT WARNING * * *
You block the worm's attack.
You sock the worm!
The worm is severely wounded.
The gnoll hits you from afar with a +0 spear.
* * * LOW HITPOINT WARNING * * *
You block the worm's attack.
You thump the worm! Your headbutt misses the worm.
The worm is almost dead.
The gnoll hits you from afar with a +0 spear.
* * * LOW HITPOINT WARNING * * *
You block the worm's attack. The gnoll barely misses you.
You hit the worm.
The worm is almost dead.
You block the gnoll's attack. You block the worm's attack.
You thump the worm!
You kill the worm!
The gnoll hits you but does no damage. You block the gnoll's attack.
You block the gnoll's attack.
The gnoll hits you from afar with a +0 spear.
* * * LOW HITPOINT WARNING * * *
The gnoll hits you from afar with a +0 spear.
You die...

.####.##.#.# ##
### ....+. ##.#..
.... ...# #..##
...# # #.#####.###
... #@.#....... #
####.# ##...# ##.#
...#.# ##g.# .....
#..#.# ##
###..##...[!.
#..#.# # #.
..#...).>.!$.
#..#.#.#
#.####.#..####....
#..#.#.#
#.#..#.#..#### #
.......#
#.#..#.#.....#
...#.###
#....#.##.##.#


You could see a gnoll.

Vanquished Creatures
  A worm (D:2)
  3 endoplasms (D:2)
  3 giant cockroaches (D:2)
  7 goblins
  A hobgoblin (D:2)
  A jackal (D:2)
  A frilled lizard (D:2)
  2 kobolds (D:2)
  A rat (D:1)
20 creatures vanquished.

Notes
Turn   | Place    | Note
-------+----------+-------------------------------------------
     0 | D:1      | bisquet the Minotaur Fighter began the quest for the Orb.
     0 | D:1      | Reached XP level 1. HP: 19/19 MP: 0/0
    78 | D:1      | You fall into a shaft and drop 1 floor!
   278 | D:2      | Reached XP level 2. HP: 26/27 MP: 1/1
   573 | D:2      | HP: 1/27 [gnoll/+0 spear (3)]
   580 | D:2      | Slain by a gnoll

Illustrated notes

Levels and vault maps discovered:
D:1:      lemuel_arrival_room, layout_loops_ring
D:2:      layout_basic, shapermc_ecumenical_altar_mp_highgroup,
          chequers_serial_rivers_micro_b, minmay_guardbox

Skill      XL: |  1  2 |
---------------+-------+-----
Fighting       | 4 |  4.0
Armour         | 4 |  4.0
Maces & Flails | |  2.9
Dodging        | |  0.3
Shields        | |  3.9

Action                     || total
---------------------------++-------
  Melee: Flail             ||    44
         Headbutt          ||     7
 Armour: Scale mail        ||    20
  Dodge: Dodged            ||    12
  Block: Tower shield      ||    24
         Buckler           ||     3

Table legend: (Time is in decaauts)
 A = Elapsed time spent in this place.
 B = Non-inter-level travel time spent in this place.
 C = Inter-level travel time spent in this place.
 D = Time resting spent in this place.
 E = Time spent auto-exploring this place.
 F = Levels seen in this place.
 G = Mean time per level.
                   A        B        C        D        E       F      G
               +--------+--------+--------+--------+--------+-----+--------+
         Total |    605 |    584 |     21 |      0 |      0 |   2 |  302.5 |
       Dungeon |    605 |    584 |     21 |      0 |      0 |   2 |  302.5 |
               +--------+--------+--------+--------+--------+-----+--------+

Top non-repeatable levels by time:
     D:2: 525 daAuts
     D:1: 80 daAuts
